 Dungeon Crawl Stone Soup version bcrawl-1.39.1 (webtiles) character file.

Game seed: 11253244993543343777

153328 Finalfun the Sneak (level 6, -1/38 HPs)
             Began as an Octopode Transmuter on Sept 21, 2023.
             Slain by a hippogriff (5 damage)
             ... on level 4 of the Dungeon.
             The game lasted 00:10:40 (3129 turns).

Finalfun the Sneak (Octopode Transmuter)            Turns: 3129, Time: 00:10:40

Health: -1/38      AC:  1    Str: 11    XL:     6   Next: 12%
Magic:  3/10       EV: 13    Int: 16    God:
Gold:   256        SH:  0    Dex: 12    Spells: 8/11 levels left

rFire    . . .     GDR:     24%   - Tentacles (7.2)
rCold    . . .     SeeInvis .   (no shield)
rNeg     . . .     Gourm    .   (helmet restricted)
rPois    .         Faith    .   (cloak restricted)
rElec    .         Spirit   .   b - amulet of magic regeneration
rCorr    +         Reflect  .   f - ring of resist corrosion
MR       .....                  (no ring)
Stlth    +++.......             (no ring)
HPRegen  0.16/turn              (no ring)
MPRegen  0.26/turn              (no ring)
                                (no ring)
                                (no ring)
                                (no ring)

@: appendage
A: almost no armour, stealthy swim, resist paralysis, amphibious, 8 rings,
constrict 8, tentacle spike 3, camouflage 1, gelatinous body 1
a: End Transformation


You were on level 4 of the Dungeon.
You were not hungry.
One of your tentacles had a temporary spike.
You visited 1 branch of the dungeon, and saw 4 of its levels.

You collected 256 gold pieces.

Inventory:

Jewellery
 b - an amulet of magic regeneration (around mantle)
 f - a ring of resist corrosion (left tentacle)
Wands
 u - a wand of flame (22)
Scrolls
 d - a scroll of blinking
 h - a scroll of enchant armour {unknown}
 j - a scroll of enchant weapon {unknown}
 k - 3 scrolls of remove curse
 p - a scroll of teleportation {unknown}
 s - a scroll of noise {unknown}
 v - 2 scrolls of amnesia {unknown}
Potions
 c - 2 potions of lignification
 g - 2 potions of heal wounds
 l - a potion of ambrosia {unknown}
 m - 5 potions of curing
 n - a potion of mutation
 o - a potion of magic {unknown}
 q - a potion of flight {unknown}
 r - a potion of agility
 t - a potion of might {unknown}
Comestibles
 e - 5 rations {!d}
 i - a chunk of flesh


   Skills:
 - Level 1.0 Fighting
 - Level 2.0 Dodging
 - Level 4.0 Stealth
 - Level 4.0 Unarmed Combat
 + Level 3.0 Spellcasting
 - Level 4.0 Transmutations


You had 8 spell levels left.
You knew the following spells:

 Your Spells              Type           Power        Failure   Level  Hunger
a - Beastly Appendage     Tmut           ###...       3%          1    None
b - Sticks to Snakes      Tmut           ###.....     5%          2    #......

Your spell library contained the following spells:

 Spells                   Type           Power        Failure   Level  Hunger
 Passwall                 Tmut/Erth      #.......     12%         2    #......
 Spider Form              Tmut/Pois      #..          24%         3    ####...
 Ice Form                 Ice/Tmut       #.......     63%         4    #####..
 Blade Hands              Tmut           ###.......   69%         5    ######.


Dungeon Overview and Level Annotations

Branches:
Dungeon (4/12)
 Temple: D:4-7

Altars:
Okawaru
Zin

Annotations:
D:3 exclusions: door, orc priest and 2 more exclusions


Innate Abilities, Weirdness & Mutations

You cannot wear most types of armour.
You are very stealthy in the water. (Stealth+)
Your unusual nervous system resists paralysis.
You are amphibious.
You can wear up to eight rings at the same time.
You can use your tentacles to constrict eight enemies at once.
Your skin changes colour to match your surroundings (Stealth+).
Your rubbery body absorbs attacks. (AC +1, EV +1)
One of your tentacles bears a large vicious spike.


Message History

You closely miss the hippogriff. You squeeze the hippogriff.
The hippogriff is lightly wounded.
The hippogriff bites you! The hippogriff pecks you. The hippogriff claws you.
Your ball python bites the hippogriff.
Your adder bites the hippogriff but does no damage.
Your ball python bites the hippogriff but does no damage.
You are too injured to fight recklessly!
Your adder closely misses the hippogriff.
Your ball python closely misses the hippogriff.
You barely miss the hippogriff.
You pierce the hippogriff, but do no damage.
The hippogriff is lightly wounded.
Your adder bites the hippogriff but does no damage.
Your ball python bites the hippogriff but does no damage.
The hippogriff bites you!
* * * LOW HITPOINT WARNING * * *
The hippogriff pecks you.
* * * LOW HITPOINT WARNING * * *
The hippogriff claws you.
You die...

#...... #....#
#...... #....##
#...... #####
#.....# #......
+##.... #.....#
#...... .......
#.....# #......
....... #....#
#......
..$...S##....#
#......
.....SSH@...>#
#......
.......##....##
##.....
.......##.....#
#.[...
..............#
#.....
..............#
#.....
......###.#.#.#
####..(..
#####+ ##.#.##
#........
#.###.#
#..<.....
##.#.##
#........


You could see a hippogriff, a friendly adder and 2 friendly ball pythons.

Vanquished Creatures
  A worker ant (D:2)
  An orc wizard (D:3)
  A hound skeleton (D:3)
  5 adders
  5 worms
  3 dart slugs
  4 leopard geckos
  An orc (D:4)
  6 bats
  2 giant cockroaches
  3 goblins
  8 hobgoblins
  10 jackals
  8 kobolds
  A quokka (D:3)
  A ball python (D:1)
  8 frilled lizards
  2 rats
70 creatures vanquished.

Vanquished Creatures (collateral kills)
  An orc priest (D:4)
  A worm (D:3)
  An orc (D:4)
3 creatures vanquished.

Grand Total: 73 creatures vanquished

Notes
Turn   | Place    | Note
-------+----------+-------------------------------------------
     0 | D:1      | Finalfun the Octopode Transmuter began the quest for the
                  | Orb.
     0 | D:1      | Reached XP level 1. HP: 13/13 MP: 3/3
   128 | D:1      | Reached XP level 2. HP: 3/18 MP: 3/5
   236 | D:1      | Reached skill level 1 in Stealth
   660 | D:1      | Reached XP level 3. HP: 23/23 MP: 4/6
  1143 | D:2      | Found an iron altar of Okawaru.
  1193 | D:2      | Reached XP level 4. HP: 26/28 MP: 5/7
  1344 | D:2      | Learned a level 2 spell: Sticks to Snakes
  2079 | D:3      | Reached XP level 5. HP: 30/33 MP: 6/8
  2161 | D:3      | Found a glowing silver altar of Zin.
  3068 | D:4      | Reached XP level 6. HP: 38/38 MP: 2/10
  3121 | D:4      | Noticed a hippogriff
  3129 | D:4      | Slain by a hippogriff

Skill      XL: |  1  2  3  4  5 |
---------------+----------------+-----
Stealth        | 2 4 |  4.0
Unarmed Combat | 4 |  4.0
Transmutations | 4 |  4.0
Spellcasting   | 3 |  3.0
Fighting       | |  1.0
Dodging        | |  2.0

Action                   |  1- 3 |  4- 6 || total
-------------------------+-------+-------++-------
Melee: Unarmed           |    64 |    96 ||   160
       Constrict         |    14 |    27 ||    41
       Kick              |    16 |    21 ||    37
       Tentacles         |     7 |    13 ||    20
       Punch             |       |     3 ||     3
 Cast: Beastly Appendage |    15 |    21 ||    36
       Sticks to Snakes  |       |    12 ||    12
  Use: Scroll            |       |     6 ||     6
 Stab: Sleeping          |     6 |     4 ||    10
  Eat: Chunk             |     2 |    10 ||    12
Armor: Skin              |    10 |     6 ||    16
Dodge: Dodged            |    36 |    38 ||    74
